[Event "Early-Titled-Tuesday-Blitz-October-10-2023"]
[Site "Chess.com"]
[Date "2023.10.10"]
[Round "1"]
[White "Truequitos"]
[Black "Dedic8"]
[Result "0-1"]
[WhiteElo "2462"]
[BlackElo "2829"]
[TimeControl "180+1"]
[EndTime "8:07:03 PDT"]
[Termination "Dedic8 won by resignation"]

1. Nf3 d5 2. g3 Nf6 3. Bg2 c6 4. d4 Bg4 5. Ne5 Bf5 6. c4 e6 7. Qb3 Qb6 8. c5 Qxb3 9. axb3 Nbd7 10. Bf4 Nxe5 11. Bxe5 Nd7 12. Bf4 f6 13. b4 a6 14.
h3 e5 15. Be3 exd4 16. Bxd4 Be7 17. Nd2 Kf7 18. Nb3 Ne5 19. g4 Be6 20. Na5 Rab8 21. b3 g5 22. Kd2 h5 23. f3 Ng6 24. e3 Bd8 25. Rag1 Nh4 26. Ke2 Nxg2 27. Rxg2 Bc7 28.
Rgg1 Kg6 29. h4 hxg4 30. hxg5 Rxh1 31. Rxh1 gxf3+ 32. Kxf3 fxg5 33. Rh8 Rxh8 34. Bxh8 Bc8 35. e4 g4+ 36. Ke3 g3 37. exd5 cxd5 38. c6 b6 39. Nb7 Kh5 40. Kf3 Kh4 41. Kg2 Bf5 42.
Bd4 Be4+ 43. Kg1 Kh3 0-1

[Event "Early-Titled-Tuesday-Blitz-October-10-2023"]
[Site "Chess.com"]
[Date "2023.10.10"]
[Round "1"]
[White "IsaqueGoncalvesSanto"]
[Black "gueraumasague"]
[Result "0-1"]
[WhiteElo "1825"]
[BlackElo "2529"]
[TimeControl "180+1"]
[EndTime "8:07:03 PDT"]
[Termination "gueraumasague won on time"]

1. d4 g6 2. c4 Bg7 3. Nc3 c5 4. d5 f5 5. g4 fxg4 6. e4 d6 7.
Be3 Nf6 8. h3 O-O 9. Be2 Qa5 10.
Qd2 Na6 11. hxg4 Nxg4 12. Bxg4 Bxg4 13. f3 Bxf3 14. Nxf3 Rxf3 15. e5 Nb4 16. O-O-O Bxe5 17. a3 Bxc3 18. Qh2 Rf7 19. bxc3 Qxa3+ 20. Qb2 Qxb2+ 21. Kxb2 Na6 22. Bg5 Nc7 23. Rhe1 Re8 24. Ra1 a6 25.
Rab1 h5 26. Re6 Nxe6 27. dxe6 Rf5 28. Rg1 Kg7 29. Ka3 Re5 30. Ka4 Rxe6 31. Ka5 Re4 0-1

[Event "Early-Titled-Tuesday-Blitz-October-10-2023"]
[Site "Chess.com"]
[Date "2023.10.10"]
[Round "1"]
[White "chenrip"]
[Black "Semen_Khanin"]
[Result "1/2-1/2"]
[WhiteElo "2489"]
[BlackElo "2853"]
[TimeControl "180+1"]
[EndTime "8:07:05 PDT"]
[Termination "Game drawn - insufficient material"]

1. e4 c5 2. Nf3 d6 3. Bb5+ Bd7 4. a4 g6 5. O-O Bg7 6. d3 Nc6 7. Nc3 Nf6 8. h3 O-O 9. Be3 h6 10. Qd2 Kh7 11. Nh2 Nd4 12. Bxd7 Nxd7 13. f4 f5 14. Nf3 e5 15. fxe5 dxe5 16. Nd5 Nf6 17. Bxd4 cxd4 18. Nxf6+ Qxf6 19. Rae1 Qd6 20. Qa5 b6 21. Qb5 Rac8 22. Re2 Rc5 23. Qb3 f4 24. Nd2 g5 25. Nc4 Qd7 26.
Ref2 h5 27. Kh2 g4 28. g3 fxg3+ 29. Kxg3 Rxf2 30. Rxf2 gxh3 31. Rf5 Rc6 32. Kxh3 Rf6 33. Qb5 Qxb5 34. axb5 Rxf5 35. exf5 Kh6 36. Nd6 Kg5 37.
Kg3 Bf8 38. Nc8 Kxf5 39. Nxa7 e4 40. dxe4+ Kxe4 41. Nc8 Bc5 42. b4 Bxb4 43. Nxb6 Bd6+ 44. Kh4 Kf3 45. Nc4 Bb8 46. Na5 Ke2 47. Nc6 Bc7 48. Nxd4+ Kd2 49. Ne6 Bb6 50. Kxh5 Kxc2 51. Kg6 Kc3 52.
Kf6 Kc4 53. Ke7 Kxb5 1/2-1/2

[Event "Early-Titled-Tuesday-Blitz-October-10-2023"]
[Site "Chess.com"]
[Date "2023.10.10"]
[Round "1"]
[White "chessfatbear"]
[Black "Masterbeaterr"]
[Result "1-0"]
[WhiteElo "2839"]
[BlackElo "2470"]
[TimeControl "180+1"]
[EndTime "8:07:05 PDT"]
[Termination "chessfatbear won by resignation"]

1. d4 d5 2. Nf3 Nf6 3. Bf4 e6 4. e3 c5 5. Nbd2 Nc6 6. c3 Qb6 7. Rb1 Nh5 8. Bg5 h6 9. Bh4 g5 10. Bg3 Nxg3 11. hxg3 Bg7 12. Bd3 Bd7 13. Qe2 O-O-O 14.
b4 cxd4 15. cxd4 Kb8 16. O-O g4 17. Nh4 f5 18. Ng6 Rhg8 19. Nf4 Ne7 20. Nb3 Rh8 21. Nc5 Bc8 22. a4 h5 23. a5 Qd6 24. b5 h4 25.
b6 a6 26. Bxa6 hxg3 27. fxg3 e5 28. Nxb7 Bxb7 29. Bxb7 Kxb7 30. a6+ Ka8 31. a7 Rd7 32.
b7+ Rxb7 33. Rxb7 Kxb7 34. Rb1+ Ka8 35. Qb5 Qc7 36. Nxd5 Qxa7 37. Nxe7 Rb8 38. Qc6+ Rb7 39. Nc8 1-0

[Event "Early-Titled-Tuesday-Blitz-October-10-2023"]
[Site "Chess.com"]
[Date "2023.10.10"]
[Round "1"]
[White "emeli_chess"]
[Black "SashaKuzhilniy"]
[Result "0-1"]
[WhiteElo "2358"]
[BlackElo "2643"]
[TimeControl "180+1"]
[EndTime "8:07:05 PDT"]
[Termination "SashaKuzhilniy won on time"]

1. d4 g6 2. c4 Bg7 3. Nc3 c5 4. d5 d6 5. e4 Bxc3+ 6. bxc3 e5 7. dxe6 Bxe6 8. e5 dxe5 9. Qxd8+ Kxd8 10. Be3 Nd7 11. Nf3 f6 12. Nd2 Kc7 13. Nb3 b6 14. a4 a5 15. Be2 Ne7 16. O-O Nf5 17. Bd2 Rad8 18. Rfd1 Nd6 19. Bh6 Nxc4 20. Bg7 Rhg8 21.
Rxd7+ Rxd7 22. Bxf6 Rf8 23. Bg5 Nd6 24. Nd2 Nf7 25. Be3 Rfd8 26. Ne4 Bf5 27. f3 Bxe4 28.
fxe4 Nd6 29. Bg5 Nxe4 30. Bxd8+ Rxd8 31. Rc1 Rd2 32. Bf3 Ng5 33. Ba8 Kd6 34. Rf1 Rc2 35. h4 Ne6 36. Rf7 Rxc3 37. Rxh7 Rc4 38. Rb7 Rb4 39. Rb8 c4 40. Rg8 c3 0-1

[Event "Early-Titled-Tuesday-Blitz-October-10-2023"]
[Site "Chess.com"]
[Date "2023.10.10"]
[Round "1"]
[White "borocotoajua"]
[Black "cristiano78"]
[Result "1-0"]
[WhiteElo "2588"]
[BlackElo "2243"]
[TimeControl "180+1"]
[EndTime "8:07:05 PDT"]
[Termination "borocotoajua won by resignation"]

1. d4 Nf6 2. Nf3 g6 3. c4 Bg7 4. g3 d6 5. Bg2 O-O 6. O-O Nc6 7.
Nc3 Bf5 8. b3 Qd7 9. Bb2 Bh3 10. d5 Nb4 11. Qd2 Bxg2 12. Kxg2 a5 13. e4 Ng4 14. Rae1 e5 15. dxe6 fxe6 16. h3 Rxf3 17. Kxf3 Nh2+ 18. Kg2 Nxf1 19. Rxf1 Rf8 20. f4 Na6 21. Re1 Nc5 22. Qe2 Qc6 23. Kh2 h5 24. Rf1 Kh7 25. f5 exf5 26. exf5 Qe8 27. fxg6+ Qxg6 28. Rxf8 Bxf8 29. Nd5 Ne4 30. Qxe4 Qxe4 31.
Nf6+ Kg6 32. Nxe4 Kf5 33. Nc3 Bg7 34. Nd1 Bh6 35. Bc3 b6 36. Nf2 Be3 37. Kg2 c6 38.
Kf3 Bc5 39. g4+ hxg4+ 40. hxg4+ Kg6 41. Ne4 Kf7 42. Nxc5 dxc5 43. Be5 1-0

[Event "Early-Titled-Tuesday-Blitz-October-10-2023"]
[Site "Chess.com"]
[Date "2023.10.10"]
[Round "1"]
[White "Rozhkov_V"]
[Black "DopplerCharlotteDeWitte"]
[Result "0-1"]
[WhiteElo "2426"]
[BlackElo "2739"]
[TimeControl "180+1"]
[EndTime "8:07:06 PDT"]
[Termination "DopplerCharlotteDeWitte won by resignation"]

1. e4 c5 2. Nf3 e6 3. d4 cxd4 4. Nxd4 Nf6 5. Bd3 Nc6 6. Nxc6 bxc6 7. O-O d5 8. Nd2 Bd6 9. Re1 Qc7 10. h3 O-O 11. c4 Bb7 12. b3 d4 13. c5 Bxc5 14. e5 Nd5 15. Bxh7+ Kxh7 16. Qc2+ Kg8 17. Qxc5 Qb6 18.
Ba3 Rfd8 19. Nc4 Qxc5 20. Bxc5 Nc3 21. Nd6 Ba6 22. Bxd4 Ne2+ 23. Rxe2 Bxe2 24. Rc1 a5 25. Rxc6 Rd7 26. f4 Bd3 27. Kf2 Bb1 28. a3 Ba2 29.
Rb6 Rc7 30. Kf3 a4 31. b4 Bd5+ 32. Kg3 Rc2 33. Bf2 Rc3+ 34. Kh2 Rxa3 35. Rb5 Ra2 36. Kg3 Rb2 37. Bd4 Rxg2+ 38. Kh4 a3 39. Rc5 a2 40. Rc1 Rd2 41. Bc3 Rd3 42. Bb2 Rb3 43.
Bc3 Rb1 44. Bb2 Rxb2 0-1

[Event "Early-Titled-Tuesday-Blitz-October-10-2023"]
[Site "Chess.com"]
[Date "2023.10.10"]
[Round "1"]
[White "Mr_Lion22"]
[Black "jcibarra"]
[Result "1-0"]
[WhiteElo "2521"]
[BlackElo "2935"]
[TimeControl "180+1"]
[EndTime "8:07:07 PDT"]
[Termination "Mr_Lion22 won on time"]

1. d4 Nf6 2. c4 d6 3. Nf3 g6 4.
Nc3 Bf5 5. Nh4 Bd7 6. e4 e5 7. Nf3 exd4 8. Nxd4 Bg7 9. Be2 O-O 10.
Be3 Re8 11. f3 Nc6 12. O-O Nh5 13. Nd5 f5 14. Nb5 Rc8 15. g4 Nf6 16. gxf5 gxf5 17.
Bg5 a6 18. Nbc3 Ne5 19. f4 Nf7 20. e5 dxe5 21. fxe5 Nxg5 22. exf6 Bf8 23. Kh1 Kh8 24. Rg1 Nh3 25. Qd4 Bd6 26. f7+ Be5 27. f8=Q+ Rxf8 28. Qxe5+ Rf6 29. Nxf6 Nf2+ 30. Kg2 Qf8 31. Nxd7+ Qg7+ 32. Kxf2 Qxe5 33. Nxe5 Rf8 34. Nd5 f4 35. Nxc7 f3 36.
Ne6 1-0

[Event "Early-Titled-Tuesday-Blitz-October-10-2023"]
[Site "Chess.com"]
[Date "2023.10.10"]
[Round "1"]
[White "Duhless"]
[Black "Cheer_Down"]
[Result "1-0"]
[WhiteElo "2945"]
[BlackElo "2504"]
[TimeControl "180+1"]
[EndTime "8:07:07 PDT"]
[Termination "Duhless won by resignation"]

1. d4 Nf6 2. Nf3 d5 3. c4 e6 4. g3 Be7 5. Bg2 O-O 6. O-O dxc4 7. Qc2 a6 8. a4 Bd7 9. Qxc4 Bc6 10. Bg5 Nbd7 11. Nc3 h6 12. Bxf6 Nxf6 13. Rfd1 Bd5 14. Qd3 Bxf3 15. Bxf3 c6 16. e4 a5 17. e5 Nd5 18.
Bxd5 cxd5 19. Nb5 Qd7 20. h4 h5 21. Rac1 Rfc8 22. Qf3 g6 23. Qf4 Kg7 24. Kg2 Rxc1 25. Rxc1 Rc8 26. Rd1 Rc2 27. b3 Qc6 28. Rd3 Bb4 29. Rf3 Qe8 30. g4 hxg4 31. Qxg4 Re2 32. h5 Re4 33. Rf4 Rxf4 34. Qxf4 Qe7 35. Qg4 Kh6 36. hxg6 fxg6 37. f4 Qf7 38. Kf3 Kg7 39. Ke2 Qd7 40. Qh4 Qf7 41. Nd6 Qc7 42. Ne8+ 1-0

[Event "Early-Titled-Tuesday-Blitz-October-10-2023"]
[Site "Chess.com"]
[Date "2023.10.10"]
[Round "1"]
[White "SAInt_666"]
[Black "ViktoriyaTarasova"]
[Result "1-0"]
[WhiteElo "2654"]
[BlackElo "2369"]
[TimeControl "180+1"]
[EndTime "8:07:08 PDT"]
[Termination "SAInt_666 won on time"]

1. e4 e5 2. Nf3 Nc6 3. Bc4 Bc5 4. c3 Nf6 5. d3 d6 6. O-O a5 7. Nbd2 h6 8. Re1 O-O 9. h3 Be6 10. Bb5 Ba7 11. Nf1 Ne7 12. Ng3 c6 13. Ba4 b5 14.
Bc2 Ng6 15. d4 Qc7 16. Be3 b4 17. Qd2 Kh7 18. Nf5 bxc3 19. bxc3 Ng8 20. Nh2 Rab8 21. Qc1 Rb7 22. Ng4 h5 23. Nh2 N6e7 24. Nf3 f6 25. Qa3 Rd8 26. Rad1 g6 27. dxe5 dxe5 28. Nd6 Rbb8 29.
Bxa7 Qxa7 30. Bb3 Bxb3 31. axb3 Kg7 32. Nc4 Rxd1 33. Rxd1 Ra8 34. Qd6 a4 35. bxa4 Qxa4 36. Nb6 Qa6 37. Nxa8 Qxa8 38. Qc7 Qa4 39. Rd8 Kf7 40.
Rxg8 Kxg8 41. Qxe7 Qxe4 42. Qxf6 Qb1+ 43. Kh2 Qa1 44.
Ng5 1-0

[Event "Early-Titled-Tuesday-Blitz-October-10-2023"]
[Site "Chess.com"]
[Date "2023.10.10"]
[Round "1"]
[White "bazar-wokzal"]
[Black "tarno17"]
[Result "1-0"]
[WhiteElo "2562"]
[BlackElo "2151"]
[TimeControl "180+1"]
[EndTime "8:07:08 PDT"]
[Termination "bazar-wokzal won by checkmate"]

1. e4 c5 2. c3 d5 3. exd5 Qxd5 4. d4 e6 5. a3 Nf6 6. Nf3 Be7 7. Be3 cxd4 8. cxd4 O-O 9. Nc3 Qd6 10. Qc2 a6 11. Bd3 Nbd7 12. O-O h6 13. Rac1 b5 14. Ne4 Nxe4 15.
Bxe4 Rb8 16. Qd2 Bf6 17. Bxh6 e5 18. dxe5 Bxe5 19. Qxd6 Bxd6 20. Be3 Nf6 21. Bc6 Bg4 22. h3 Bh5 23. Nd4 b4 24. Nf5 Be5 25. axb4 Bxb2 26.
Rc2 Rxb4 27. Bc5 Ba3 28. Bxf8 Kxf8 29. Ra1 Rb3 30. Ba4 Rd3 31. Rc8+ Ne8 32. Rxe8# 1-0

[Event "Early-Titled-Tuesday-Blitz-October-10-2023"]
[Site "Chess.com"]
[Date "2023.10.10"]
[Round "1"]
[White "GMZaven"]
[Black "viktorgen2021"]
[Result "1-0"]
[WhiteElo "2693"]
[BlackElo "2379"]
[TimeControl "180+1"]
[EndTime "8:07:10 PDT"]
[Termination "GMZaven won on time"]

1. e4 g6 2. d4 Bg7 3. Nc3 d6 4. f4 Nf6 5. Nf3 O-O 6. Bd3 Na6 7. e5 Ne8 8. h4 h5 9. Be3 c5 10. dxc5 Nxc5 11. Bxc5 dxc5 12. Qe2 Bg4 13. O-O-O Qa5 14. Kb1 Nc7 15. Ne4 Ne6 16. Nf2 Nxf4 17. Qe3 Nxd3 18. Rxd3 Bf5 19. Rd5 Be6 20. Rxc5 Qxa2+ 21. Kc1 Rfd8 22. Nd4 Kh7 23. Kd1 Qa1+ 24. Ke2 Qxb2 25. Nxe6 fxe6 26. Ne4 Rac8 27. Ng5+ Kg8 28. Rd1 Qb6 29.
Rxc8 Qxe3+ 30. Kxe3 Rxc8 31. Ke4 Rc4+ 32. Kf3 Bxe5 33.
Rd8+ Kg7 34. Rd7 Bf6 35. Nxe6+ Kf7 36. Nf4 Rxc2 37. Rxb7 Ra2 38. g3 a5 39. Nd5 a4 40.
Ra7 a3 41. Nb4 Rb2 42. Nd3 Ra2 43. Nf4 Ra1 44. Kg2 a2 45. Ra6 Be5 46. Nd3 Bd4 47. Kh2 e5 48. Nb4 Bc3 49. Nxa2 Bd4 50. Kg2 e4 51.
Nb4 Rb1 52. Nc6 Rb2+ 53. Kf1 Bc5 54. Ne5+ Ke7 55. Nxg6+ Kd7 56. Ne5+ Ke7 57. Rc6 Bd4 58. Ng6+ Kf7 59. Rc4 Rd2 60. Nf4 Kf6 61. Nxh5+ Ke5 62. Nf4 e3 63. h5 Rd1+ 64. Ke2 Rd2+ 65. Kf3 Rf2+ 66. Kg4 e2 67. Nd3+ Kd5 68. Rc8 Rh2 69. Re8 Kc4 70. Nf4 1-0

[Event "Early-Titled-Tuesday-Blitz-October-10-2023"]
[Site "Chess.com"]
[Date "2023.10.10"]
[Round "1"]
[White "ural58"]
[Black "TigrVShlyape"]
[Result "0-1"]
[WhiteElo "2504"]
[BlackElo "2942"]
[TimeControl "180+1"]
[EndTime "8:07:11 PDT"]
[Termination "TigrVShlyape won by resignation"]

1. e4 c5 2. Nf3 e6 3. b3 b6 4. d4 cxd4 5. Qxd4 Nc6 6. Qd2 Bb4 7.
Nc3 Nf6 8. Bd3 d5 9. exd5 exd5 10. O-O O-O 11. a3 Be7 12. Bb2 Bg4 13. Qf4 Bd6 14. Qa4 Rc8 15. Nxd5 Bxf3 16. Nxf6+ gxf6 17. gxf3 Be5 18. Qh4 f5 19. Qxd8 Rcxd8 20. Bxe5 Nxe5 21.
Bxf5 Nxf3+ 22. Kh1 Rd2 23. Be4 Ne5 24. Rad1 Rfd8 25.
Rxd2 Rxd2 26. f4 Nd7 27. Rg1+ Kh8 28. Bf5 Nf6 29. Rg2 Rd1+ 30. Rg1 Rd4 31. Rf1 Rd2 32. Kg1 Nd5 33. Rf2 Rd1+ 34. Kg2 Ne3+ 35. Kf3 Nxf5 36. Ke4 Nd6+ 37. Ke5 Kg7 38. Rg2+ Kf8 39. Kf6 Ne8+ 40. Ke5 Rd6 41. c4 Re6+ 42. Kd5 Nf6+ 43. Kd4 Re4+ 44. Kc3 Rxf4 45. Rd2 Ke7 46. b4 Ne4+ 0-1

[Event "Early-Titled-Tuesday-Blitz-October-10-2023"]
[Site "Chess.com"]
[Date "2023.10.10"]
[Round "1"]
[White "Witaliss"]
[Black "vladislavkovalev"]
[Result "0-1"]
[WhiteElo "2481"]
[BlackElo "2883"]
[TimeControl "180+1"]
[EndTime "8:07:11 PDT"]
[Termination "vladislavkovalev won by resignation"]

1. d4 Nf6 2. Nf3 e6 3. g3 b5 4. Bg2 Bb7 5. O-O c5 6. c3 Be7 7. a4 b4 8. cxb4 cxb4 9. Nbd2 O-O 10. Nb3 a5 11. Bf4 d5 12. Ne5 Nbd7 13. Qd2 Nxe5 14. Bxe5 Nd7 15. Bf4 Nb6 16. Nc5 Bc6 17. b3 Nd7 18. Nd3 Qb6 19. Be3 Rfc8 20. Rfc1 Bb7 21. Rxc8+ Rxc8 22. Rc1 Rc6 23. Rxc6 Qxc6 24. Qc1 Qxc1+ 25.
Bxc1 Ba6 26. Kf1 Bxd3 27. exd3 Bf6 28. Be3 Nb8 29. Ke2 Nc6 30. h4 h5 31. Bf3 g6 32.
Kd2 Kf8 33. Bd1 Bxd4 34. g4 hxg4 35. Bxg4 Bxe3+ 36. Kxe3 Ke7 37. h5 gxh5 38. Bxh5 e5 39. f4 Kf6 40. fxe5+ Kxe5 41. Bxf7 Nd4 42. Kd2 Nxb3+ 43.
Kc2 Nc5 44. Be8 Kd4 45. Bb5 Ke3 46. Bc6 d4 47. Bb5 Ke2 48. Be8 Nxd3 49. Bb5 Ke3 50. Bxd3 b3+ 51. Kxb3 Kxd3 0-1

[Event "Early-Titled-Tuesday-Blitz-October-10-2023"]
[Site "Chess.com"]
[Date "2023.10.10"]
[Round "1"]
[White "Agibileg"]
[Black "Happy1712Drummer"]
[Result "1-0"]
[WhiteElo "2691"]
[BlackElo "2390"]
[TimeControl "180+1"]
[EndTime "8:07:14 PDT"]
[Termination "Agibileg won on time"]

1. d4 Nf6 2. c4 e6 3. Nc3 Bb4 4.
f3 c5 5. d5 O-O 6. e4 d6 7. Ne2 b5 8. Nf4 bxc4 9. Bxc4 e5 10. Ne2 Nfd7 11. Ng3 Nb6 12. Be2 c4 13. O-O N8d7 14. Kh1 g6 15. Bh6 Re8 16. a3 Bxc3 17.
bxc3 Nc5 18. f4 a5 19. f5 Qh4 20. Be3 Nba4 21. Qc2 Ba6 22. Rf3 Rab8 23. Bf2 Rb2 24. Qd1 Nxe4 25. Qxa4 Rxe2 26. Qxe8+ Kg7 27. Nxe4 Qxe4 28.
f6+ Kh6 29. Qf8+ Kg5 30. Qxf7 Qc2 31. Rg3+ Kf5 32. Qe6+ Ke4 33. Bg1 h5 34. f7 h4 35.
Rg4+ Kd3 36. f8=Q 1-0

[Event "Early-Titled-Tuesday-Blitz-October-10-2023"]
[Site "Chess.com"]
[Date "2023.10.10"]
[Round "1"]
[White "Alphafischer2019"]
[Black "Artemiki"]
[Result "1-0"]
[WhiteElo "2594"]
[BlackElo "2260"]
[TimeControl "180+1"]
[EndTime "8:07:14 PDT"]
[Termination "Alphafischer2019 won on time"]

1. Nf3 Nf6 2. g3 d5 3. Bg2 e6 4.
O-O Be7 5. d3 O-O 6. Nbd2 c5 7. e4 Nc6 8. Re1 b5 9. exd5 exd5 10.
d4 c4 11. Ne5 Bb7 12. Nxc6 Bxc6 13. Nf3 b4 14. Ne5 Bb7 15. c3 a5 16. Bf4 Re8 17. Nxc4 bxc3 18. bxc3 Rc8 19. Ne5 Rxc3 20. Qb1 Ba6 21.
Rc1 Qc8 22. Qb2 Rxc1+ 23. Rxc1 Qe6 24. h3 Rc8 25. Rxc8+ Qxc8 26. Qb6 Bb4 27. Nc6 Nd7 28. Qc7 Qxc7 29. Bxc7 Bc4 30. a4 Ba2 31. Nxa5 Nf8 32. Nc6 Ne6 33. Nxb4 Nxc7 34. a5 Bc4 35. f4 1-0

[Event "Early-Titled-Tuesday-Blitz-October-10-2023"]
[Site "Chess.com"]
[Date "2023.10.10"]
[Round "1"]
[White "Emp3rador"]
[Black "DenLaz"]
[Result "1/2-1/2"]
[WhiteElo "2524"]
[BlackElo "3063"]
[TimeControl "180+1"]
[EndTime "8:07:15 PDT"]
[Termination "Game drawn by repetition"]

1. e4 c5 2. Nf3 e6 3. d4 cxd4 4. Nxd4 Nc6 5. Nc3 Qc7 6. Be3 a6 7. Qf3 b5 8. Qg3 Qxg3 9. hxg3 Nxd4 10. Bxd4 Bb7 11. Bd3 Ne7 12. f3 Nc6 13. Bb6 Rc8 14. O-O-O f6 15. g4 Be7 16. a4 b4 17. Ne2 Ne5 18. Nd4 Kf7 19. Be2 Nc4 20. Bxc4 Rxc4 21.
Nb3 Rc6 22. Be3 Rhc8 23. Rd2 Ba8 24. Na5 Rd6 25. Rxd6 Bxd6 26. Rd1 Ke7 27. b3 Bb8 28. Nc4 Bc6 29. Bc5+ Kf7 30. Bxb4 Rh8 31. Na5 Ke8 32.
Nxc6 dxc6 33. Bd6 Ba7 34. Bf4 Ke7 35. Bd6+ Ke8 36. Bb4 Bb8 37. Bd6 Ba7 1/2-1/2

[Event "Early-Titled-Tuesday-Blitz-October-10-2023"]
[Site "Chess.com"]
[Date "2023.10.10"]
[Round "1"]
[White "ExcitingTrap"]
[Black "Drags95"]
[Result "0-1"]
[WhiteElo "2475"]
[BlackElo "2863"]
[TimeControl "180+1"]
[EndTime "8:07:15 PDT"]
[Termination "Drags95 won on time"]

1. e4 c5 2. Nf3 e6 3. d4 cxd4 4. Nxd4 Nc6 5. Nc3 Qc7 6. Be3 a6 7. a3 b5 8. Nxc6 Qxc6 9. Bd3 Bb7 10. Qd2 Nf6 11. f3 b4 12. axb4 Bxb4 13. O-O d5 14.
exd5 Nxd5 15. Bd4 Bc5 16. Be4 Qb6 17. Bxc5 Qxc5+ 18. Kh1 O-O 19. Nxd5 exd5 20. Ra5 Qb6 21. Bxd5 Qxb2 22. Bb3 Rad8 23. Qb4 Bd5 24. Rxa6 Rb8 25. Rb6 Rxb6 26. Qxb6 Bc4 27. Qb4 Bxb3 28. Qxb3 Qd4 29. Qd3 Qc5 30. c4 g6 31. Rd1 Rc8 32. Rc1 h5 33. h3 Qe5 34. Qc3 Qf4 35. Rc2 Rc5 36. Qd3 Kh7 37. Qc3 h4 38. Qd3 Re5 39. Qd1 Qg3 40. Re2 Rc5 41. Qd3 Ra5 42. Qd2 Ra1+ 0-1

[Event "Early-Titled-Tuesday-Blitz-October-10-2023"]
[Site "Chess.com"]
[Date "2023.10.10"]
[Round "1"]
[White "Witty_Alien"]
[Black "NovozhilovSemen"]
[Result "0-1"]
[WhiteElo "2219"]
[BlackElo "2584"]
[TimeControl "180+1"]
[EndTime "8:07:16 PDT"]
[Termination "NovozhilovSemen won by checkmate"]

1. e4 c5 2. Nf3 Nc6 3. d4 cxd4 4. c3 Nf6 5. Bd3 dxc3 6. O-O g6 7.
e5 Nd5 8. Bxg6 hxg6 9. Qxd5 cxb2 10. Bxb2 Bg7 11. Nc3 O-O 12. Qe4 d6 13. e6 Qa5 14.
Nd5 Bxb2 15. Ng5 Bf6 16. Nxf7 Kg7 17. Nxf6 exf6 18. Nxd6 Qe5 19. Qd3 Bxe6 20. Rfe1 Qd5 21. Qg3 Rad8 22. Rad1 Qxa2 23. Nxb7 Rxd1 24. Rxd1 Qb3 25.
Qc7+ Rf7 26. Qd6 Rd7 27. Qxd7+ Bxd7 28. Rxd7+ Kh6 29. h4 Ne5 30. Re7 Qb1+ 31. Kh2 Qb4 32. Rd7 Qxh4+ 33. Kg1 Qa4 34. Re7 Qb4 35. Rc7 Qe1+ 36.
Kh2 Qxf2 37. Nd8 Nf3+ 38. Kh3 Qh4# 0-1

[Event "Early-Titled-Tuesday-Blitz-October-10-2023"]
[Site "Chess.com"]
[Date "2023.10.10"]
[Round "1"]
[White "Darko-Dimitrijevic"]
[Black "ChessRespected"]
[Result "0-1"]
[WhiteElo "2158"]
[BlackElo "2564"]
[TimeControl "180+1"]
[EndTime "8:07:16 PDT"]
[Termination "ChessRespected won on time"]

1. c4 c6 2. d4 d5 3. cxd5 cxd5 4. Nc3 Nf6 5. Bf4 Nc6 6. e3 Bf5 7. Bd3 Bxd3 8. Qxd3 e6 9. Nf3 Be7 10. O-O O-O 11.
Rac1 Rc8 12. Qb5 Qd7 13. a3 Nh5 14. Bg3 Nxg3 15. hxg3 Rc7 16. Na4 Rfc8 17. Nc5 Bxc5 18. Rxc5 Nb8 19. Ne5 Qxb5 20. Rxb5 f6 21. Nd3 b6 22. a4 Nc6 23. Rc1 Na5 24. Rxc7 Rxc7 25. Kf1 Nc4 26. Ke1 Kf7 27. Kd1 Ke7 28. g4 g5 29. g3 Nd6 30. Rb3 Rc4 31. Ra3 Ne4 32. a5 b5 33. a6 Rc6 34. Rb3 Nd6 35. Nc5 Rb6 36. Ke2 b4 37. f4 h6 38. Kf3 Nc4 0-1

[Event "Early-Titled-Tuesday-Blitz-October-10-2023"]
[Site "Chess.com"]
[Date "2023.10.10"]
[Round "1"]
[White "fastestmindalive"]
[Black "kaanadayhamle"]
[Result "1-0"]
[WhiteElo "2718"]
[BlackElo "2410"]
[TimeControl "180+1"]
[EndTime "8:07:18 PDT"]
[Termination "fastestmindalive won by checkmate"]

1. e4 e6 2. d4 d5 3. Nc3 dxe4 4. Nxe4 Nd7 5. Nf3 Ngf6 6. Nxf6+ Nxf6 7. Bg5 b6 8. c3 Bb7 9. Bb5+ c6 10. Bd3 Bd6 11. O-O h6 12. Bh4 Qc7 13. a4 Nd5 14. Bg3 Bxg3 15. hxg3 O-O 16. a5 Rfd8 17. Qe2 c5 18. a6 Bc6 19. Ne5 Nf6 20. dxc5 bxc5 21.
Nxc6 Qxc6 22. Bc4 Rab8 23. Rfd1 Qb6 24. f3 Nd5 25. Rd2 Qc7 26. Kf2 Nb6 27. Rad1 Nxc4 28. Qxc4 Rxb2 29. Rxb2 Rxd1 30. Rb7 Qe5 31. Qe4 Qg5 32.
Rb8+ Rd8 33. f4 Qe7 34. Qb7 Qd6 35. Rxd8+ Qxd8 36. Ke2 Qa5 37. Qxa7 Qa2+ 38. Ke3 Qxg2 39. Qb8+ Kh7 40. Qb1+ g6 41. Qb7 Qxg3+ 42. Ke4 Qe1+ 43. Kd3 Qd2+ 44. Kc4 Qd1 45. Qxf7+ Kh8 46. Qf6+ Kh7 47. Qe7+ Kh8 48. Qxe6 Qa4+ 49. Kd5 Qa2+ 50. Ke5 Qe2+ 51. Kf6 Qd3 52. Qe8+ Kh7 53. Qf7+ Kh8 54. Qg7# 1-0

[Event "Early-Titled-Tuesday-Blitz-October-10-2023"]
[Site "Chess.com"]
[Date "2023.10.10"]
[Round "1"]
[White "valeriocarnicelli"]
[Black "BeautiFullMindChess"]
[Result "1-0"]
[WhiteElo "2609"]
[BlackElo "2283"]
[TimeControl "180+1"]
[EndTime "8:07:18 PDT"]
[Termination "valeriocarnicelli won on time"]

1. d4 Nf6 2. Nf3 d5 3. g3 Bf5 4. Bg2 c6 5. O-O e6 6. c4 Nbd7 7. Nh4 Be4 8. f3 Bg6 9. Nc3 Be7 10. Qb3 b6 11. Nxg6 hxg6 12. e4 dxe4 13. fxe4 e5 14.
d5 Bc5+ 15. Kh1 Ng4 16. h3 cxd5 17. Nxd5 Nf2+ 18. Kh2 Nf6 19. Be3 N6g4+ 20. Kg1 Nxe3 21. Rxf2 Nxd5 22. exd5 Bxf2+ 23. Kxf2 Qf6+ 24. Kg1 O-O 25. Rf1 Qd6 26. Qc3 Rac8 27. b3 b5 28. Kh1 bxc4 29.
bxc4 Qc5 30. Rc1 Rfe8 31. Qd3 f5 32. d6 e4 33. Qd2 Rcd8 34. d7 Re7 35. Qg5 Rexd7 36.
Qxg6 Rd1+ 37. Bf1 Rxc1 38. Qe6+ Kh7 39. Kg2 g6 40. Qf7+ 1-0

[Event "Early-Titled-Tuesday-Blitz-October-10-2023"]
[Site "Chess.com"]
[Date "2023.10.10"]
[Round "1"]
[White "unclear15"]
[Black "Itk04"]
[Result "0-1"]
[WhiteElo "2435"]
[BlackElo "2753"]
[TimeControl "180+1"]
[EndTime "8:07:19 PDT"]
[Termination "Itk04 won by resignation"]

1. e4 c5 2. Nf3 d6 3. d4 cxd4 4. Qxd4 a6 5. c4 Nc6 6. Qe3 Nf6 7. Nc3 g6 8. Be2 Bg7 9. O-O O-O 10. h3 Be6 11. Rd1 Rc8 12. Rb1 Nd7 13. Nd5 Nce5 14. b3 Nxf3+ 15. Bxf3 b5 16. Be2 bxc4 17. Bxc4 Bxd5 18.
Rxd5 Nb6 19. Bxa6 Nxd5 20. exd5 Ra8 21. Qd3 Qb6 22. Bc4 Bd4 23. Qe2 Rfc8 24. Be3 Bxe3 25. fxe3 Ra3 26. Rb2 Rca8 27. Kh2 Qa7 28. b4 Rxe3 29.
Qg4 f5 30. Qg5 Qd4 31. Rc2 Qe5+ 32. Kg1 Rc8 33. h4 Rxc4 34. Rxc4 Re1+ 35. Kf2 Qe2+ 36. Kg3 Qxc4 37. h5 Qg4+ 38. Qxg4 fxg4 0-1

[Event "Early-Titled-Tuesday-Blitz-October-10-2023"]
[Site "Chess.com"]
[Date "2023.10.10"]
[Round "1"]
[White "Better_Chess_Faster"]
[Black "cande_francisco"]
[Result "0-1"]
[WhiteElo "2071"]
[BlackElo "2547"]
[TimeControl "180+1"]
[EndTime "8:07:19 PDT"]
[Termination "cande_francisco won on time"]

1. e4 c5 2. Nf3 g6 3. d4 cxd4 4.
Nxd4 Bg7 5. Nc3 Nc6 6. Be3 Nf6 7. f3 O-O 8. Qd2 d5 9. exd5 Nxd5 10. Nxd5 Qxd5 11.
Nxc6 Qxc6 12. O-O-O Bf5 13. Bd3 Rfd8 14. Kb1 Rac8 15.
Qf2 Qf6 16. Bc1 Bxd3 17. Rxd3 Rxd3 18. cxd3 Qa6 19. Rd1 Qa4 20. Qd2 Qc6 21. d4 Bh6 22. Qc3 Qd7 23. Qd3 Rxc1+ 24. Rxc1 Bxc1 25. Kxc1 Qc7+ 26. Qc3 Qxh2 27. Qc8+ Kg7 28. Qxb7 Qg1+ 29. Kc2 Qxg2+ 30. Kc3 a5 31. Qxe7 Qxf3+ 32. Kc4 Qf1+ 33. Kc5 Qc1+ 34. Kb6 Qxb2+ 35. Ka6 Qxd4 36. Kxa5 h5 37. Qe1 h4 38. a4 h3 39. Qh1 Qe5+ 40. Kb6 h2 41. a5 Qe3+ 42. Kb7 Qg1 43. Qe4 h1=Q 44. Qxh1 Qxh1+ 0-1